cohdb
Replays
Latest Replays
All Replays
Popular Replays
Top Player Replays
Match Explorer
How It Works
Community
CoH3 Stats
Reddit
Sign in to upload your games and track your stats! →
Sign in with Steam
Match 40844116
Unlisted
Match 40844116
Overview
Messages
Build Orders
End
250 Light Carrier
Panzerpioneer Squad
Selects Armored Support Battlegroup
250 Light Carrier
Construct Light Support Kompanie
Combat Half-tracks
Selects Salvage Kits
MG34 Team
Assault Grenadier Squad
Fire Support Elements
Panzerjäger Mechanized Group
Flakvierling Half-track
Construct Panzerarmee Kommand
Selects Veteran Gunners
AI Takeover
CosmoBluePlanet
Unsafe
KiLLiNP4K
HolyMolyEmpire
jackal2150
Monkey CPU
XYZ
Cleverslim
0
0
Comments
sign in to comment!
No comments posted yet!